 Dungeon Crawl Stone Soup version 0.24-a0-537-g2d01d4ab0a (webtiles) character file.

Game seed: 7882350689626609982

42 BinkBink the Poker (level 3, -9/28 HPs)
             Began as a Demonspawn Gladiator on Aug 16, 2019.
             Was an Initiate of Vehumet.
             Killed by divine providence
             ... invoked by an orc priest
              (11 damage)
             ... on level 2 of the Dungeon.
             The game lasted 00:02:24 (1230 turns).

BinkBink the Poker (Demonspawn Gladiator)           Turns: 1230, Time: 00:02:28

Health: -9/28      AC:  5    Str: 14 (15) XL:     3   Next: 33%
Magic:  3/3        EV: 12    Int:  7 (9)  God:    Vehumet [......]
Gold:   179        SH:  0    Dex: 12 (14) Spells: 2/2 levels left

rFire    . . .     SeeInvis .   a - +0 trident
rCold    . . .     Gourm    .   (no shield)
rNeg     . . .     Faith    .   b - +0 leather armour
rPois    .         Spirit   .   c - +0 helmet
rElec    .         Reflect  .   (no cloak)
rCorr    .         Harm     .   (no gloves)
MR       .....                  g - +0 pair of boots
Stlth    +.........             (no amulet)
HPRegen  0.09/turn              (no ring)
MPRegen  0.08/turn              (no ring)

@: no status effects
A: spiny 1
a: Renounce Religion


You were on level 2 of the Dungeon.
You worshipped Vehumet.
Vehumet was noncommittal.
You were hungry.

You visited 1 branch of the dungeon, and saw 3 of its levels.

You collected 179 gold pieces.

Inventory:

Hand Weapons
 a - a +0 trident (weapon)
Missiles
 d - 3 throwing nets (quivered)
Armour
 b - a +0 leather armour (worn)
 c - a +0 helmet (worn)
 g - a +0 pair of boots (worn)
Jewellery
 m - an uncursed ring of resist corrosion {unknown}
 o - a +3 ring of dexterity {unknown}
Scrolls
 e - a scroll of immolation {unknown}
 h - a scroll of random uselessness {unknown}
 i - 2 scrolls of teleportation {unknown}
 j - 4 scrolls of remove curse {unknown}
 n - a scroll of fog {unknown}
 p - a scroll of enchant armour {unknown}
 q - 2 scrolls of amnesia {unknown}
Potions
 k - a potion of invisibility {unknown}
 l - a potion of degeneration
Comestibles
 f - 2 rations


   Skills:
 + Level 2.3 Fighting
 + Level 3.4 Polearms
 + Level 2.0 Throwing
 + Level 3.0 Dodging


You had 2 spell levels left.
You didn't know any spells.
Your spell library was empty.

Dungeon Overview and Level Annotations

Branches:
Dungeon (3/15)

Altars:
Nemelex Xobeh
Vehumet


Innate Abilities, Weirdness & Mutations

You are partially covered in sharp spines.


Message History

You puncture the orc priest!
The orc priest is severely wounded.
The orc priest is struck by your spines.
The orc priest closely misses you.
The orc wizard points at you and mumbles some strange words.
The magic dart hits you.
You hit the orc priest but do no damage.
The orc priest is almost dead.
The orc priest calls down the wrath of Beogh upon you.
Pain shoots through your body!
* * * LOW HITPOINT WARNING * * *
The orc wizard gestures wildly while chanting.
The orc wizard seems to speed up.
It was a potion of degeneration.
There was something very wrong with that liquid.
You feel weakened.
You feel dopey.
You feel clumsy. The orc wizard misses you.
The orc priest calls down the wrath of Beogh upon you.
Beogh smites you!
You die...

...........#
...........#
#####.#...##
###############
#.##.##
#.............#
#####.##.##
#.###########.#
..........# #.#
#.# #####.##..#
#.# #.# #.##..#
#o# #.#
#####.##..# #@#
#.#
...##.##..######o#
#.#
##.##<...........#
#.#
#.#####..########
#.# #..##
#..######## #.#
##.#.###.........#
#.#
....#.##.#######.#
#.#
##...##...######.#
#.#
#.............#.#
#.#


You could see an orc priest and an orc wizard.

Vanquished Creatures
  2 oozes (D:1)
  A worm (D:3)
  3 leopard geckos (D:1)
  An orc (D:3)
  3 bats
  A giant cockroach (D:1)
  A goblin (D:1)
  2 hobgoblins (D:1)
  4 jackals (D:1)
  A quokka (D:2)
  3 frilled lizards
  A kobold (D:1)
  A rat (D:1)
24 creatures vanquished.

Notes
Turn   | Place    | Note
-------+----------+-------------------------------------------
     0 | D:1      | BinkBink the Demonspawn Gladiator began the quest for the
                  | Orb.
     0 | D:1      | Reached XP level 1. HP: 16/16 MP: 1/1
   125 | D:1      | Gained mutation: You are partially covered in sharp spines.
                  | [demonic ancestry]
   125 | D:1      | Reached XP level 2. HP: 15/22 MP: 2/2
   433 | D:1      | Reached XP level 3. HP: 23/27 MP: 3/3
   514 | D:2      | Found a sparkling altar of Nemelex Xobeh.
   849 | D:2      | Found a radiant altar of Vehumet.
   977 | D:2      | Became a worshipper of Vehumet
  1230 | D:2      | Killed from afar by an orc priest

Levels and vault maps discovered:
D:1:      dpeg_arrival_rooms_c, layout_rooms
D:2:      layout_loops_ring, nemelex_xobeh_ov_fountains_minmay,
          lemuel_doored_altar
D:3:      layout_basic, marbit_many_paths

Skill      XL: |  1  2 |
---------------+-------+-----
Throwing       | 2 |  2.0
Polearms       | 3 |  3.4
Dodging        | 3 |  3.0
Fighting       | |  2.3

Action                   || total
-------------------------++-------
Melee: Trident           ||    68
  Use: Potion            ||     1
 Stab: Sleeping          ||     1
Armor: Leather armour    ||    18
Dodge: Dodged            ||    30

Table legend:
 A = Non-vault XP
 B = Vault XP
 C = Vault XP percentage of total XP
 D = Non-vault monster count
 E = Vault monster count
 F = Vault count percentage of total count
                 A         B        C        D         E       F
            +---------+---------+-------+---------+---------+-------
      Total |      60 |       0 |   0.0 |      24 |       0 |   0.0
            +---------+---------+-------+---------+---------+-------
        D:1 |      48 |       0 |   0.0 |      19 |       0 |   0.0
        D:2 |       4 |       0 |   0.0 |       3 |       0 |   0.0
        D:3 |       8 |       0 |   0.0 |       2 |       0 |   0.0
            +---------+---------+-------+---------+---------+-------
